[Event "Early-Titled-Tuesday-Blitz-January-16-2024"]
[Site "Chess.com"]
[Date "2024.01.16"]
[Round "1"]
[White "aistrel"]
[Black "ChampStan"]
[Result "1-0"]
[WhiteElo "2568"]
[BlackElo "2102"]
[TimeControl "180+1"]
[EndTime "8:01:29 PST"]
[Termination "aistrel won by resignation"]

1. d4 Nf6 2. Nc3 g6 3. e4 d5 4. e5 Ne4 5. Nce2 Bg7 6. f3 Bf5 7. fxe4 Bxe4 8. Ng3 O-O 9. Nxe4 dxe4 10. Be3 f5 11.
exf6 exf6 12. Bc4+ 1-0

[Event "Early-Titled-Tuesday-Blitz-January-16-2024"]
[Site "Chess.com"]
[Date "2024.01.16"]
[Round "1"]
[White "Rodalquilar"]
[Black "EsmeraldasAnderson03"]
[Result "1-0"]
[WhiteElo "2767"]
[BlackElo "2409"]
[TimeControl "180+1"]
[EndTime "8:01:57 PST"]
[Termination "Rodalquilar won by resignation"]

1. d4 d5 2. Nf3 Nf6 3. Bf4 e6 4. e3 Bd6 5. Nbd2 O-O 6. c3 c5 7.
Bd3 Bxf4 8. exf4 b6 9. Qe2 a5 10. h4 Ba6 11. Bxa6 Nxa6 12. h5 h6 13. Ne5 cxd4 14.
cxd4 Rc8 15. Qxa6 Ne4 16. Qd3 f6 17. Ng6 Re8 18. Nxe4 dxe4 19. Qxe4 e5 20. dxe5 f5 21.
Qe3 1-0

[Event "Early-Titled-Tuesday-Blitz-January-16-2024"]
[Site "Chess.com"]
[Date "2024.01.16"]
[Round "1"]
[White "maciek_92"]
[Black "jup1978"]
[Result "1-0"]
[WhiteElo "2864"]
[BlackElo "2466"]
[TimeControl "180+1"]
[EndTime "8:02:12 PST"]
[Termination "maciek_92 won by resignation"]

1. e4 d5 2. exd5 Qxd5 3. Nc3 Qd8 4. Bc4 Nf6 5. Nf3 e6 6. O-O a6 7. a4 b6 8. Ne5 Bb7 9. Qe2 Nd5 10. Re1 Qf6 11. Bxd5 Bxd5 12. Nxd5 exd5 13. Ng4+ Qe7 14. Qf1 1-0

[Event "Early-Titled-Tuesday-Blitz-January-16-2024"]
[Site "Chess.com"]
[Date "2024.01.16"]
[Round "1"]
[White "TigrVShlyape"]
[Black "Predo63"]
[Result "1-0"]
[WhiteElo "2941"]
[BlackElo "2503"]
[TimeControl "180+1"]
[EndTime "8:02:31 PST"]
[Termination "TigrVShlyape won by resignation"]

1. d4 d5 2. Bf4 Nf6 3. e3 c6 4.
c4 Bf5 5. Nc3 Nbd7 6. cxd5 Nxd5 7. Nxd5 cxd5 8. Ne2 e6 9. Qb3 Qb6 10. Nc3 Bb4 11. a3 Bxc3+ 12. Qxc3 O-O 13. Bc7 Qc6 14.
Qxc6 bxc6 15. Bd6 Rfe8 16. Rc1 Nb6 17. b3 Red8 18. Bg3 a5 19. Bc7 Rdc8 20. Bxb6 1-0

[Event "Early-Titled-Tuesday-Blitz-January-16-2024"]
[Site "Chess.com"]
[Date "2024.01.16"]
[Round "1"]
[White "xxysoul6"]
[Black "Cheer_Down"]
[Result "0-1"]
[WhiteElo "2920"]
[BlackElo "2516"]
[TimeControl "180+1"]
[EndTime "8:02:32 PST"]
[Termination "Cheer_Down won by resignation"]

1. c4 e6 2. Nc3 d5 3. d4 Nf6 4. cxd5 exd5 5. Bg5 Be7 6. e3 c6 7. Bd3 Nbd7 8. Nf3 h6 9. Bf4 Nh5 10. Be5 Nxe5 11. dxe5 g6 12. Qc2 Ng7 13. O-O-O O-O 14. h3 b5 15. g4 b4 16. Na4 Qa5 17. Qxc6 Bxg4 18. hxg4 Rfc8 19. Nd4 Qxa4 0-1

[Event "Early-Titled-Tuesday-Blitz-January-16-2024"]
[Site "Chess.com"]
[Date "2024.01.16"]
[Round "1"]
[White "Aguiar94"]
[Black "jefferyx"]
[Result "0-1"]
[WhiteElo "2523"]
[BlackElo "3024"]
[TimeControl "180+1"]
[EndTime "8:02:50 PST"]
[Termination "jefferyx won by resignation"]

1. e4 c5 2. Nf3 d6 3. d4 cxd4 4. Qxd4 Nc6 5. Bb5 a6 6. Bxc6+ bxc6 7. O-O e5 8. Qd3 Ne7 9. c4 Ng6 10. Nc3 Be7 11. h3 O-O 12. Rd1 Qc7 13. b3 f5 14.
Ba3 Rf6 15. Qe3 Qa5 16. Bb2 Nf4 17. Rd2 Rg6 18. Nh4 Bxh4 0-1

[Event "Early-Titled-Tuesday-Blitz-January-16-2024"]
[Site "Chess.com"]
[Date "2024.01.16"]
[Round "1"]
[White "jinbojinbo"]
[Black "yonaltimur"]
[Result "1-0"]
[WhiteElo "2623"]
[BlackElo "2281"]
[TimeControl "180+1"]
[EndTime "8:02:51 PST"]
[Termination "jinbojinbo won by resignation"]

1. Nf3 d5 2. g3 c5 3. Bg2 Nc6 4.
O-O e5 5. d3 Nf6 6. e4 Be7 7.
Nc3 O-O 8. exd5 Nxd5 9. Nxe5 Nxc3 10. Nxc6 Nxd1 11. Nxd8 Bxd8 12. Rxd1 Rb8 13. Bf4 Ra8 14. Re1 a5 15. Bd6 Ra6 16. Bxc5 Be6 17. Bxf8 Kxf8 18. d4 Rb6 19. b3 Be7 20. d5 Bd7 1-0

[Event "Early-Titled-Tuesday-Blitz-January-16-2024"]
[Site "Chess.com"]
[Date "2024.01.16"]
[Round "1"]
[White "Kolle05"]
[Black "BarloNadera"]
[Result "1-0"]
[WhiteElo "2609"]
[BlackElo "2247"]
[TimeControl "180+1"]
[EndTime "8:02:57 PST"]
[Termination "Kolle05 won by resignation"]

1. e4 c6 2. Nc3 d5 3. Nf3 Bg4 4. h3 Bh5 5. exd5 cxd5 6. g4 Bg6 7. Ne5 Nc6 8. Bb5 Rc8 9. d4 e6 10. h4 f6 11. Nxg6 hxg6 12. Bd3 Kf7 13. Ne2 Bd6 14. c3 Qc7 15. Be3 Nge7 16. Qd2 Qa5 17. Bf4 e5 18.
dxe5 fxe5 19. Bg3 1-0

[Event "Early-Titled-Tuesday-Blitz-January-16-2024"]
[Site "Chess.com"]
[Date "2024.01.16"]
[Round "1"]
[White "aa175"]
[Black "kai_nov"]
[Result "1-0"]
[WhiteElo "2667"]
[BlackElo "2334"]
[TimeControl "180+1"]
[EndTime "8:02:59 PST"]
[Termination "aa175 won by checkmate"]

1. d4 d5 2. Bf4 Nf6 3. e3 e6 4. Nf3 Bd6 5. Bd3 Bxf4 6. exf4 O-O 7. Nbd2 c6 8. c3 Qb6 9. Qc2 Nbd7 10. h4 c5 11.
O-O-O c4 12. Be2 a5 13. Ng5 h6 14. Ndf3 hxg5 15. hxg5 Ne4 16. Bxc4 dxc4 17. Qxe4 g6 18.
f5 exf5 19. Qh4 f6 20. Qh7# 1-0

[Event "Early-Titled-Tuesday-Blitz-January-16-2024"]
[Site "Chess.com"]
[Date "2024.01.16"]
[Round "1"]
[White "Kobalia"]
[Black "Balla_Tamas"]
[Result "0-1"]
[WhiteElo "2810"]
[BlackElo "2466"]
[TimeControl "180+1"]
[EndTime "8:03:06 PST"]
[Termination "Balla_Tamas won by resignation"]

1. e4 c5 2. Nf3 Nc6 3. Bb5 Nf6 4. d3 Qa5+ 5. Nc3 Nd4 6. Bc4 b5 7. Bb3 Nxb3 8. cxb3 d6 9. O-O Bg4 10. h3 Bh5 11. g4 Bg6 12. e5 Nd7 13. exd6 e6 14. Bf4 Qb6 15. a4 Bxd6 16. Bxd6 Qxd6 17. Nxb5 Qc6 18.
d4 O-O 0-1

[Event "Early-Titled-Tuesday-Blitz-January-16-2024"]
[Site "Chess.com"]
[Date "2024.01.16"]
[Round "1"]
[White "Talent-OF-Slovenia"]
[Black "ChessSwole"]
[Result "0-1"]
[WhiteElo "2380"]
[BlackElo "2708"]
[TimeControl "180+1"]
[EndTime "8:03:12 PST"]
[Termination "ChessSwole won by resignation"]

1. e4 e6 2. d4 d5 3. Nd2 c5 4.
Ngf3 cxd4 5. Nxd4 Nf6 6. e5 Nfd7 7. N2f3 Nc6 8. Nxc6 bxc6 9. Bf4 Ba6 10. Be2 Bxe2 11.
Qxe2 Rb8 12. b3 Bb4+ 13. Bd2 O-O 14. O-O Bxd2 15. Qxd2 Nc5 16. Rfd1 Ne4 17. Qf4 Qb6 18. c4 Qxf2+ 19. Kh1 Qc5 20. Rac1 Nf2+ 0-1

[Event "Early-Titled-Tuesday-Blitz-January-16-2024"]
[Site "Chess.com"]
[Date "2024.01.16"]
[Round "1"]
[White "larsmandreassen"]
[Black "nickmatta"]
[Result "1-0"]
[WhiteElo "2215"]
[BlackElo "2574"]
[TimeControl "180+1"]
[EndTime "8:03:12 PST"]
[Termination "larsmandreassen won by resignation"]

1. d4 Nf6 2. Nf3 g6 3. Bg5 Bg7 4. Nc3 d5 5. Bxf6 Bxf6 6. e4 dxe4 7.
Nxe4 Bg7 8. Bc4 Nd7 9. c3 b6 10.
O-O Bb7 11. Re1 O-O 12. Qe2 c5 13. dxc5 bxc5 14. Rad1 Qc7 15. Neg5 Nb6 16. Bxf7+ Rxf7 17. Nxf7 Kxf7 18. Qe6+ Kf8 19. Ng5 Qf4 20. Nxh7+ 1-0

[Event "Early-Titled-Tuesday-Blitz-January-16-2024"]
[Site "Chess.com"]
[Date "2024.01.16"]
[Round "1"]
[White "hawes33"]
[Black "Puzzlebot_1294"]
[Result "0-1"]
[WhiteElo "2257"]
[BlackElo "2611"]
[TimeControl "180+1"]
[EndTime "8:03:14 PST"]
[Termination "Puzzlebot_1294 won by resignation"]

1. e4 e5 2. Nf3 Nc6 3. d4 exd4 4. Bc4 Bc5 5. c3 Nf6 6. e5 d5 7. Bb5 Ne4 8. cxd4 Bb6 9. O-O O-O 10. h3 f6 11. Nc3 Nxc3 12. bxc3 fxe5 13. Bxc6 bxc6 14.
Nxe5 Bb7 15. a4 a5 16. Rb1 Qd6 17. Ba3 Qxa3 18. Nd7 Rf7 19. Qg4 Bc8 20. Nxb6 Bxg4 21. Nxa8 Bf5 22. Rb8+ Rf8 23. Rxf8+ Kxf8 24. Nxc7 Qd6 0-1

[Event "Early-Titled-Tuesday-Blitz-January-16-2024"]
[Site "Chess.com"]
[Date "2024.01.16"]
[Round "1"]
[White "Rud_Makarian"]
[Black "Casper"]
[Result "1-0"]
[WhiteElo "3031"]
[BlackElo "2527"]
[TimeControl "180+1"]
[EndTime "8:03:15 PST"]
[Termination "Rud_Makarian won by resignation"]

1. d4 Nf6 2. c4 g6 3. Nc3 Bg7 4.
e4 O-O 5. Be2 d6 6. Be3 a5 7.
Nf3 Na6 8. O-O e5 9. d5 Nc5 10. Nd2 Bd7 11. b3 h5 12. h3 Nh7 13. a3 f5 14. f3 1-0

[Event "Early-Titled-Tuesday-Blitz-January-16-2024"]
[Site "Chess.com"]
[Date "2024.01.16"]
[Round "1"]
[White "ahmedkandiliii"]
[Black "scarabee43"]
[Result "0-1"]
[WhiteElo "2451"]
[BlackElo "2827"]
[TimeControl "180+1"]
[EndTime "8:03:15 PST"]
[Termination "scarabee43 won by resignation"]

1. e4 c5 2. Nf3 e6 3. c4 Nc6 4. Nc3 Nf6 5. Be2 d6 6. O-O Nd4 7. d3 Be7 8. Nxd4 cxd4 9. Nb1 O-O 10. Nd2 e5 11. Nf3 a6 12. b4 Qc7 13. a4 Bg4 14. h3 Bxf3 15. Bxf3 d5 16. exd5 Bxb4 17. Bg5 Nd7 18. Re1 Bxe1 19. Qxe1 Nc5 20. Bd2 Nxd3 21.
Qe4 Nc5 22. Qh4 Nb3 23. Bh6 gxh6 24. Qxh6 f6 25. d6 Qg7 26. Bd5+ Kh8 27. Qxg7+ Kxg7 28. Ra3 Nc5 0-1

[Event "Early-Titled-Tuesday-Blitz-January-16-2024"]
[Site "Chess.com"]
[Date "2024.01.16"]
[Round "1"]
[White "NovakRatko"]
[Black "Timerkhanov"]
[Result "0-1"]
[WhiteElo "2320"]
[BlackElo "2659"]
[TimeControl "180+1"]
[EndTime "8:03:25 PST"]
[Termination "Timerkhanov won by resignation"]

1. d4 d5 2. c4 dxc4 3. e4 b5 4. a4 c6 5. b3 e5 6. bxc4 Nf6 7. axb5 Nxe4 8. Ba3 Qa5+ 9. Nd2 Bxa3 10. Rxa3 Qxa3 11. Nxe4 O-O 12. dxe5 cxb5 13. cxb5 Qb4+ 14. Nd2 a6 15. Qb3 Qxb3 16. Nxb3 axb5 17. Bxb5 Be6 18. Nd4 Ra1+ 19. Ke2 Rd8 20. Ke3 Ra3+ 21. Bd3 Bc4 0-1

[Event "Early-Titled-Tuesday-Blitz-January-16-2024"]
[Site "Chess.com"]
[Date "2024.01.16"]
[Round "1"]
[White "PLAYER_2006_M"]
[Black "Predator0608"]
[Result "1-0"]
[WhiteElo "2866"]
[BlackElo "2469"]
[TimeControl "180+1"]
[EndTime "8:03:28 PST"]
[Termination "PLAYER_2006_M won by resignation"]

1. e4 c5 2. Nf3 d6 3. d4 cxd4 4. Nxd4 Nf6 5. Nc3 a6 6. a3 e5 7.
Nf5 Bxf5 8. exf5 d5 9. Bg5 d4 10. Bxf6 gxf6 11. Ne4 Nd7 12. Bd3 Rg8 13. O-O Qb6 14.
b4 Qc6 15. c3 dxc3 16. Rc1 a5 17. Rxc3 Qd5 18. Qc2 axb4 19. Bc4 Qa5 20. Rd3 Nc5 21.
Nxf6+ 1-0

[Event "Early-Titled-Tuesday-Blitz-January-16-2024"]
[Site "Chess.com"]
[Date "2024.01.16"]
[Round "1"]
[White "LaPiToB"]
[Black "Thursday_the_14_th"]
[Result "0-1"]
[WhiteElo "2308"]
[BlackElo "2647"]
[TimeControl "180+1"]
[EndTime "8:03:33 PST"]
[Termination "Thursday_the_14_th won by resignation"]

1. d4 Nf6 2. c4 e6 3. Nf3 d5 4.
Nc3 Bb4 5. cxd5 exd5 6. Bg5 h6 7. Bxf6 Qxf6 8. e3 O-O 9. h3 c6 10. Bd3 Bf5 11. Bxf5 Qxf5 12. O-O Nd7 13. Qb3 Bxc3 14. bxc3 Rab8 15. a4 Nf6 16. c4 dxc4 17. Qxc4 Ne4 18. a5 Nd6 19. Qe2 b6 20. Rfc1 Rfc8 21. Ne5 c5 22. g4 Qe6 23. axb6 axb6 24. Ra7 cxd4 25.
Rxc8+ Nxc8 26. Rxf7 Qxe5 27. Qc4 Nd6 0-1

[Event "Early-Titled-Tuesday-Blitz-January-16-2024"]
[Site "Chess.com"]
[Date "2024.01.16"]
[Round "1"]
[White "picturesquecheck"]
[Black "I_am_Javi"]
[Result "0-1"]
[WhiteElo "2415"]
[BlackElo "2777"]
[TimeControl "180+1"]
[EndTime "8:03:34 PST"]
[Termination "I_am_Javi won by resignation"]

1. e4 e5 2. Nc3 Nc6 3. Bc4 Bc5 4. d3 d6 5. Nge2 f5 6. exf5 Bxf5 7. O-O Nf6 8. Be3 Bb6 9. d4 e4 10. Bg5 h6 11. Ng3 Bh7 12. Bxf6 Qxf6 13. Ngxe4 0-1

[Event "Early-Titled-Tuesday-Blitz-January-16-2024"]
[Site "Chess.com"]
[Date "2024.01.16"]
[Round "1"]
[White "AlexTruskavetsky"]
[Black "UK_23"]
[Result "1-0"]
[WhiteElo "2690"]
[BlackElo "2373"]
[TimeControl "180+1"]
[EndTime "8:03:36 PST"]
[Termination "AlexTruskavetsky won by resignation"]

1. d4 d5 2. c4 e6 3. Nf3 Nf6 4.
g3 Be7 5. Bg2 O-O 6. O-O dxc4 7.
Qc2 a6 8. a4 Bd7 9. Qxc4 Bc6 10.
Bg5 a5 11. Nc3 h6 12. Bxf6 Bxf6 13. e4 Be7 14. Rad1 Na6 15. Rfe1 Nb4 16. d5 exd5 17. exd5 Bd7 18. Nb5 Bxb5 19. Qxb5 Bd6 20. Qxb7 Qf6 21.
Qb5 Qxb2 22. Nd4 Rfe8 23. Rxe8+ Rxe8 24. Qxe8+ 1-0

[Event "Early-Titled-Tuesday-Blitz-January-16-2024"]
[Site "Chess.com"]
[Date "2024.01.16"]
[Round "1"]
[White "krzyzan94"]
[Black "Phelathegreat"]
[Result "1-0"]
[WhiteElo "2796"]
[BlackElo "2430"]
[TimeControl "180+1"]
[EndTime "8:03:37 PST"]
[Termination "krzyzan94 won by resignation"]

1. e4 e6 2. d4 d5 3. Nc3 Nf6 4. e5 Nfd7 5. Nce2 c5 6. c3 Nc6 7. Nf3 b5 8. a3 b4 9. g3 Qb6 10.
axb4 cxd4 11. Nexd4 Ndxe5 12. Nxe5 Nxe5 13. Bb5+ Bd7 14. Qe2 Bxb5 15. Qxb5+ Nd7 16. Be3 Qc7 17. Qc6 Bd6 18.
Qxa8+ 1-0

[Event "Early-Titled-Tuesday-Blitz-January-16-2024"]
[Site "Chess.com"]
[Date "2024.01.16"]
[Round "1"]
[White "NoHeThTo"]
[Black "chenrip"]
[Result "1-0"]
[WhiteElo "2704"]
[BlackElo "2378"]
[TimeControl "180+1"]
[EndTime "8:03:37 PST"]
[Termination "NoHeThTo won by resignation"]

1. d4 d5 2. Nc3 Nf6 3. Bf4 e6 4. e3 Bd6 5. Nf3 O-O 6. Bd3 Nbd7 7. O-O Bxf4 8. exf4 c5 9. dxc5 Nxc5 10. Ne5 Nxd3 11. Qxd3 Nd7 12. Nb5 a6 13. Nd4 Nxe5 14. fxe5 Bd7 15.
c3 Qb6 16. Qd2 Rac8 17. Kh1 Qa5 18. f4 Rc4 19. a3 Rfc8 20. g4 Qc7 21. Rae1 b5 22.
f5 Qd8 23. f6 g6 24. Re3 a5 25.
Rh3 Qf8 26. Qg5 Kh8 27. Rh6 b4 28. Rf3 bxc3 29. Rfh3 Qg8 30. Rxh7+ Qxh7 31. Rxh7+ Kxh7 32. Qh4+ Kg8 33. Qh6 1-0

[Event "Early-Titled-Tuesday-Blitz-January-16-2024"]
[Site "Chess.com"]
[Date "2024.01.16"]
[Round "1"]
[White "moro182"]
[Black "iJueles"]
[Result "0-1"]
[WhiteElo "2809"]
[BlackElo "2464"]
[TimeControl "180+1"]
[EndTime "8:03:44 PST"]
[Termination "iJueles won by resignation"]

1. d4 Nf6 2. Bf4 d5 3. e3 c5 4. dxc5 Nc6 5. Bb5 Qa5+ 6. Nc3 a6 7. Bxc6+ bxc6 8. Qd4 Bf5 9. a4 Bxc2 10. b4 Qd8 11.
Nf3 e6 12. O-O Be7 13. b5 axb5 14. axb5 cxb5 15. Nxb5 O-O 16. c6 Ne4 17. c7 Qc8 18. Na7 Qb7 0-1

[Event "Early-Titled-Tuesday-Blitz-January-16-2024"]
[Site "Chess.com"]
[Date "2024.01.16"]
[Round "1"]
[White "MikeSailer"]
[Black "ozates"]
[Result "0-1"]
[WhiteElo "2203"]
[BlackElo "2592"]
[TimeControl "180+1"]
[EndTime "8:03:48 PST"]
[Termination "ozates won by resignation"]

1. d4 Nf6 2. Bg5 Ne4 3. Bf4 c5 4. f3 Nf6 5. d5 Qb6 6. Nd2 Nxd5 7. Bxb8 Ne3 8. Qc1 Rxb8 9. Ne4 c4 10. g3 d5 11. Nc3 Bf5 12. Kd2 Qd4+ 13. Ke1 Nxc2+ 14. Qxc2 Bxc2 0-1

[Event "Early-Titled-Tuesday-Blitz-January-16-2024"]
[Site "Chess.com"]
[Date "2024.01.16"]
[Round "1"]
[White "Gyulamiryan-koryun"]
[Black "Russian_berezka"]
[Result "0-1"]
[WhiteElo "1662"]
[BlackElo "2548"]
[TimeControl "180+1"]
[EndTime "8:03:54 PST"]
[Termination "Russian_berezka won by resignation"]

1. e4 g6 2. Nf3 Bg7 3. d4 d5 4. e5 Bg4 5. Be2 h5 6. h3 Bxf3 7. Bxf3 e6 8. c4 c6 9. c5 Nh6 10. b4 Nf5 11. Bb2 b6 12. O-O Nd7 13.
a4 a5 14. cxb6 Qxb6 15. b5 cxb5 16. axb5 O-O 17. Be2 Rfc8 18. Qd3 a4 19. Na3 Rc7 20. Rfc1 Rac8 21. Rxc7 Rxc7 22. Rc1 Rxc1+ 23. Bxc1 Bf8 24. Nc2 0-1

[Event "Early-Titled-Tuesday-Blitz-January-16-2024"]
[Site "Chess.com"]
[Date "2024.01.16"]
[Round "1"]
[White "StankovicIvan"]
[Black "AryanTari"]
[Result "0-1"]
[WhiteElo "2491"]
[BlackElo "2916"]
[TimeControl "180+1"]
[EndTime "8:03:57 PST"]
[Termination "AryanTari won by resignation"]

1. e4 a6 2. d4 e6 3. Bd3 d5 4. e5 Bd7 5. Nf3 Bb5 6. O-O h6 7. Re1 c5 8. c3 Bxd3 9. Qxd3 Nc6 10. dxc5 Bxc5 11. b4 Ba7 12. Bf4 Nge7 13. h4 Nf5 14. h5 g5 15. hxg6 fxg6 16. Nbd2 g5 17.
Bh2 g4 18. Nd4 Ncxd4 19. cxd4 Bxd4 20. Rac1 Qh4 21. Nf1 Bxf2+ 22. Kh1 0-1

[Event "Early-Titled-Tuesday-Blitz-January-16-2024"]
[Site "Chess.com"]
[Date "2024.01.16"]
[Round "1"]
[White "djano"]
[Black "szefru"]
[Result "1-0"]
[WhiteElo "2629"]
[BlackElo "2286"]
[TimeControl "180+1"]
[EndTime "8:04:02 PST"]
[Termination "djano won by resignation"]

1. e4 e5 2. Nf3 Nc6 3. d4 exd4 4. Nxd4 Bc5 5. Nb3 Bb6 6. Nc3 Nf6 7. Bg5 d6 8. Qe2 h6 9. Bh4 Nd4 10. Qd3 Nxb3 11. axb3 g5 12. Bg3 Be6 13. O-O-O Qd7 14. e5 Bf5 15. Qe2 O-O-O 16. exf6 Rhe8 17. Qd2 a6 18.
Nd5 Qc6 19. Ne7+ 1-0

[Event "Early-Titled-Tuesday-Blitz-January-16-2024"]
[Site "Chess.com"]
[Date "2024.01.16"]
[Round "1"]
[White "Aariow"]
[Black "JSPrepz"]
[Result "0-1"]
[WhiteElo "2467"]
[BlackElo "2864"]
[TimeControl "180+1"]
[EndTime "8:04:03 PST"]
[Termination "JSPrepz won by resignation"]

1. Nf3 g6 2. d4 Bg7 3. c3 c6 4. Bf4 d6 5. h3 Nd7 6. e3 Ngf6 7. Be2 O-O 8. O-O Re8 9. Bh2 e5 10. dxe5 dxe5 11. Nxe5 Ne4 12. Nxd7 Bxd7 13. Nd2 Nc5 14. Nb3 Na4 15. Rb1 Bf5 16. Qxd8 Raxd8 17. Rbc1 Nxb2 18. Na5 Rd2 19. Rfe1 Bd3 20. Bxd3 Nxd3 21. Red1 Nxc1 22. Rxd2 Bxc3 0-1

[Event "Early-Titled-Tuesday-Blitz-January-16-2024"]
[Site "Chess.com"]
[Date "2024.01.16"]
[Round "1"]
[White "Triumphmate"]
[Black "BogdanDeac"]
[Result "0-1"]
[WhiteElo "2531"]
[BlackElo "3033"]
[TimeControl "180+1"]
[EndTime "8:04:05 PST"]
[Termination "BogdanDeac won by resignation"]

1. e4 c5 2. Nf3 d6 3. d4 cxd4 4. Nxd4 Nf6 5. Nc3 e5 6. Nb3 Be7 7. Bd3 O-O 8. O-O Be6 9. f4 exf4 10. Bxf4 Nc6 11. Qe1 Ne5 12. Kh1 Nfd7 13. Nd4 Bg5 14.
Qg3 h6 15. h3 a6 16. Rad1 Bxf4 17. Rxf4 Qg5 18. Qxg5 hxg5 19. Nxe6 fxe6 20. Rf7 Rxf7 0-1

[Event "Early-Titled-Tuesday-Blitz-January-16-2024"]
[Site "Chess.com"]
[Date "2024.01.16"]
[Round "1"]
[White "deepfear"]
[Black "arminmusovic"]
[Result "1-0"]
[WhiteElo "1931"]
[BlackElo "2538"]
[TimeControl "180+1"]
[EndTime "8:04:07 PST"]
[Termination "deepfear won by resignation"]

1. e4 c6 2. d4 d5 3. exd5 cxd5 4. Bd3 Nc6 5. Bf4 Nf6 6. c3 g6 7. Nd2 Bg7 8. h3 O-O 9. Ngf3 Re8 10. O-O Nd7 11. Re1 f6 12. Qb3 e6 13. Re2 a6 14.
Rae1 Nb6 15. Bg3 Bd7 16. c4 Na5 17. Qc2 dxc4 18. Nxc4 Rc8 19. b3 Nbxc4 20. bxc4 b5 21. c5 Nc6 22. Qd2 Ne7 23. Bc2 Nd5 1-0

[Event "Early-Titled-Tuesday-Blitz-January-16-2024"]
[Site "Chess.com"]
[Date "2024.01.16"]
[Round "1"]
[White "igorkovalenko"]
[Black "Actuary44"]
[Result "1-0"]
[WhiteElo "3008"]
[BlackElo "2518"]
[TimeControl "180+1"]
[EndTime "8:04:15 PST"]
[Termination "igorkovalenko won by resignation"]

1. c4 d6 2. Nc3 e5 3. g3 f5 4. d4 e4 5. f3 exf3 6. exf3 g6 7.
Nh3 Bg7 8. Bg5 Nf6 9. Qe2+ Qe7 10. Qxe7+ Kxe7 11. Nd5+ Kf7 12. Nxc7 Na6 13. Nxa8 Be6 14. Bf4 h6 15. Bxd6 Rxa8 16. d5 Bd7 17. O-O-O Rc8 18. Kb1 Nc5 19. Nf2 Na4 20. Nd3 b5 21. Ne5+ Ke8 22.
c5 Nxc5 23. Nxg6 f4 24. Re1+ Kd8 25. Be7+ 1-0

[Event "Early-Titled-Tuesday-Blitz-January-16-2024"]
[Site "Chess.com"]
[Date "2024.01.16"]
[Round "1"]
[White "Joshukid"]
[Black "KSho99"]
[Result "1-0"]
[WhiteElo "2590"]
[BlackElo "2200"]
[TimeControl "180+1"]
[EndTime "8:04:18 PST"]
[Termination "Joshukid won by resignation"]

1. Nf3 e6 2. c4 f5 3. Nc3 Nf6 4. g3 d5 5. Bg2 c6 6. O-O Bd6 7.
d3 O-O 8. e4 Nbd7 9. cxd5 exd5 10. exf5 Nc5 11. Nd4 Be5 12. Be3 Qd6 13. Ndb5 cxb5 14.
d4 Bxd4 15. Qxd4 Nce4 16. Nxe4 1-0

[Event "Early-Titled-Tuesday-Blitz-January-16-2024"]
[Site "Chess.com"]
[Date "2024.01.16"]
[Round "1"]
[White "Yurovskykh_Oleksandr"]
[Black "vanyakuba"]
[Result "0-1"]
[WhiteElo "2616"]
[BlackElo "2307"]
[TimeControl "180+1"]
[EndTime "8:04:19 PST"]
[Termination "vanyakuba won by resignation"]

1. d4 d5 2. Bf4 c5 3. e3 Nc6 4. c3 Nf6 5. Nd2 g6 6. Ngf3 Bg7 7. Be2 O-O 8. O-O Nd7 9. Qb3 c4 10. Qc2 e5 11. dxe5 Ndxe5 12. Nxe5 Nxe5 13. Bxe5 Bxe5 14.
Nf3 Bf6 15. Rad1 Qa5 16. a3 Bf5 17. Qc1 Rad8 18. Rd2 Rd7 19. Nd4 Be4 20. Bf3 0-1

[Event "Early-Titled-Tuesday-Blitz-January-16-2024"]
[Site "Chess.com"]
[Date "2024.01.16"]
[Round "1"]
[White "Vladimir_Zakhartsov"]
[Black "eCztery"]
[Result "1-0"]
[WhiteElo "2850"]
[BlackElo "2461"]
[TimeControl "180+1"]
[EndTime "8:04:21 PST"]
[Termination "Vladimir_Zakhartsov won by resignation"]

1. e4 c5 2. Nf3 g6 3. d4 cxd4 4. Qxd4 Nf6 5. Bb5 a6 6. e5 Ng8 7. Ba4 Bg7 8. O-O Nh6 9. Nc3 O-O 10. Nd5 b5 11. Bb3 Nc6 12. Qe4 Bb7 13. Bg5 Nf5 14.
g4 Nh6 15. Qf4 Na5 16. Bxe7 Qe8 17. Nf6+ Kh8 18. Nxe8 Rfxe8 19. Bf6 1-0

[Event "Early-Titled-Tuesday-Blitz-January-16-2024"]
[Site "Chess.com"]
[Date "2024.01.16"]
[Round "1"]
[White "Ezov"]
[Black "Sanyura"]
[Result "0-1"]
[WhiteElo "2236"]
[BlackElo "2604"]
[TimeControl "180+1"]
[EndTime "8:04:21 PST"]
[Termination "Sanyura won by resignation"]

1. d4 Nf6 2. Nc3 g6 3. h4 Bg7 4. h5 Nxh5 5. Bg5 d5 6. Qd2 Nc6 7. O-O-O b5 8. Nxb5 Rb8 9. e3 a6 10. Nc3 Qd6 11. a3 Na5 12. Rxh5 gxh5 13. Bf4 Qb6 14.
b4 Nc4 15. Bxc4 dxc4 16. Nf3 a5 17. Nd5 Qc6 18. Nxc7+ Kf8 19. Ne6+ Bxe6 20. Bxb8 c3 21. Qd3 axb4 22. axb4 Qa8 23. Qxc3 Qxb8 24. d5 Bxc3 25. dxe6 Qxb4 0-1

[Event "Early-Titled-Tuesday-Blitz-January-16-2024"]
[Site "Chess.com"]
[Date "2024.01.16"]
[Round "1"]
[White "biostatistician"]
[Black "Akylbek2021"]
[Result "1-0"]
[WhiteElo "2602"]
[BlackElo "2230"]
[TimeControl "180+1"]
[EndTime "8:04:23 PST"]
[Termination "biostatistician won by resignation"]

1. d4 Nf6 2. Nf3 b6 3. c4 Bb7 4. Nc3 d6 5. Bg5 Nbd7 6. Qc2 g6 7. e4 Bg7 8. Be2 O-O 9. O-O e5 10. d5 a6 11. Nd2 h6 12. Bh4 g5 13. Bg3 Qe7 14.
Rfe1 Nc5 15. Nf1 a5 16. Ne3 Bc8 17. b3 Bd7 18. a3 Ra7 19. b4 axb4 20. axb4 Rxa1 21.
Rxa1 Nb7 22. Ra7 Rb8 23. Qa2 Qd8 24. h3 Ne8 25. Bg4 Bxg4 26. hxg4 Nf6 27. f3 h5 28. Qa6 Qc8 29. gxh5 Nxh5 30. Bf2 Nf4 31. Nf5 Bf8 32. Be3 Nd8 33. Qxc8 Rxc8 34. Nb5 c6 35.
Nbxd6 Rb8 36. g3 Nd3 37. Bxg5 Nxb4 38. Bxd8 Rxd8 39. Nxf7 Bc5+ 40. Kg2 Rb8 41. Nxe5 cxd5 42. cxd5 1-0

[Event "Early-Titled-Tuesday-Blitz-January-16-2024"]
[Site "Chess.com"]
[Date "2024.01.16"]
[Round "1"]
[White "deribas12345"]
[Black "frederiksvane"]
[Result "0-1"]
[WhiteElo "2492"]
[BlackElo "2918"]
[TimeControl "180+1"]
[EndTime "8:04:24 PST"]
[Termination "frederiksvane won by resignation"]

1. d4 Nf6 2. c4 e6 3. Nc3 Bb4 4. a3 Bxc3+ 5. bxc3 c5 6. f3 Nc6 7. e4 d6 8. Bd3 cxd4 9. Ne2 dxc3 10. O-O e5 11. f4 Bg4 12. Rb1 Qc7 13. fxe5 dxe5 14. h3 Bxe2 15. Qxe2 O-O-O 16. Bg5 Nd4 17. Qf2 Rd6 18.
c5 Qxc5 19. Kh1 Kb8 20. Qa2 Ne6 21. Bxf6 gxf6 22. Rxf6 Rxd3 23. Rxf7 Nc7 24. Qb3 Qb6 25. Rxh7 Rhd8 26. Qc2 Qxb1+ 27. Qxb1 Rd1+ 28. Qxd1 Rxd1+ 29. Kh2 b6 0-1